 Dungeon Crawl Stone Soup version 0.26-a0-651-gb41185065b (webtiles) character file.

Game seed: 16647249141485588356

184 kae the Ruffian (level 5, -4/40 HPs)
             Began as a Draconian Transmuter on Oct 15, 2020.
             Slain by a gnoll
             ... wielding a +6 spear
              (7 damage)
             ... on level 3 of the Dungeon.
             The game lasted 00:02:23 (3070 turns).

kae the Ruffian (Draconian Transmuter)              Turns: 3070, Time: 00:02:24

Health: -4/40      AC:  2    Str: 14    XL:     5   Next: 36%
Magic:  6/8        EV: 19    Int: 13    God:
Gold:   178        SH:  0    Dex: 16    Spells: 2/8 levels left

rFire    . . .     SeeInvis .     - Unarmed
rCold    . . .     Faith    .   (shield currently unavailable)
rNeg     . . .     Spirit   .   (armour unavailable)
rPois    x         Reflect  .   (helmet currently unavailable)
rElec    .         Harm     .   (cloak currently unavailable)
rCorr    .         Rampage  .   (gloves currently unavailable)
MR       .....                  (boots currently unavailable)
Stlth    +.........             (no amulet)
HPRegen  0.13/turn              (no ring)
MPRegen  0.11/turn              (no ring)

@: spider-form (expiring)
A: tiny, unfitting armour, AC +5
a: End Transformation


You were on level 3 of the Dungeon.
You were a venomous arachnid creature.
You visited 1 branch of the dungeon, and saw 3 of its levels.

You collected 178 gold pieces.

Inventory:

Scrolls
 a - a scroll of remove curse
 b - a scroll of teleportation
 c - a scroll of identify


   Skills:
 - Level 1.1 Fighting
 - Level 1.7 Dodging
 + Level 4.8 Unarmed Combat
 - Level 2.0 Spellcasting
 + Level 4.2 Transmutations


You had 2 spell levels left.
You knew the following spells:

 Your Spells              Type           Power        Failure   Level
a - Beastly Appendage     Tmut           ##....       14%         1
b - Wereblood             Tmut           ##......     19%         2
c - Spider Form           Tmut/Pois      #.........   54%         3

Your spell library contained the following spells:

 Spells                   Type           Power        Failure   Level
 Ice Form                 Ice/Tmut       #.......     87%         4
 Blade Hands              Tmut           ##........   90%         5


Dungeon Overview and Level Annotations

Branches:
Dungeon (3/15)

Altars:


Innate Abilities, Weirdness & Mutations

((Your plain brown scales are hard. (AC +5)))
You cannot fit into any form of body armour.
((You are cold-blooded and may be slowed by cold attacks.))


Message History

The gnoll is lightly wounded.
Your transformation is almost over.
The gnoll hits you but does no damage.
You bite the gnoll!
The gnoll is severely wounded.
The gnoll completely misses you. The gnoll hits you!
You hit the gnoll but do no damage.
The gnoll is poisoned.
The gnoll is severely wounded.
The gnoll completely misses you. The gnoll misses you.
You hit the gnoll.
You kill the gnoll!
The gnoll misses you.
The gnoll hits you from afar with a +6 spear!
* * * LOW HITPOINT WARNING * * *
The gnoll hits you with a +0 spear!
* * * LOW HITPOINT WARNING * * *
You see here a +3 flail.
You barely miss the gnoll.
The gnoll hits you from afar with a +6 spear!
You die...

##.# ##+# #.# # #.#
#.# # #.# #g#
##.######.## #.#
.......#...## #g#
##.###......# #g#
##......## #.#
#.##^......########.#
#......###.....sgg..#
######.##
############ .......#
########


You could see 2 gnolls.

Vanquished Creatures
  An iguana (D:2)
  6 adders
  2 gnolls (D:3)
  An ooze (D:1)
  A worm (D:2)
  A dart slug (D:1)
  4 leopard geckos
  2 ball pythons
  8 bats
  3 giant cockroaches
  9 goblins
  7 hobgoblins
  3 jackals (D:1)
  A quokka (D:2)
  5 frilled lizards
  9 kobolds
  4 rats
67 creatures vanquished.

Notes
Turn   | Place    | Note
-------+----------+-------------------------------------------
     0 | D:1      | kae the Draconian Transmuter began the quest for the Orb.
     0 | D:1      | Reached XP level 1. HP: 16/16 MP: 3/3
   223 | D:1      | Reached XP level 2. HP: 23/23 MP: 3/5
   305 | D:1      | Learned a level 2 spell: Wereblood
   979 | D:1      | Reached XP level 3. HP: 22/28 MP: 4/6
  1075 | D:1      | Learned a level 3 spell: Spider Form
  1808 | D:2      | Reached XP level 4. HP: 31/35 MP: 5/7
  2619 | D:3      | Reached XP level 5. HP: 33/40 MP: 6/8
  3070 | D:3      | Slain by a gnoll

Illustrated notes

Levels and vault maps discovered:
D:1:      ebering_trefoil_twist, layout_basic, due_unseen_surprise
D:2:      layout_rooms
D:3:      layout_loops_corners

Skill      XL: |  1  2  3  4  5 |
---------------+----------------+-----
Transmutations | 3 4 |  4.2
Unarmed Combat | 4 |  4.8
Fighting       | |  1.1
Dodging        | |  1.7
Spellcasting   | |  2.0

Action                   |  1- 3 |  4- 6 || total
-------------------------+-------+-------++-------
Melee: Unarmed           |   139 |    85 ||   224
       Kick              |    18 |     9 ||    27
       Tailslap          |     8 |     6 ||    14
       Headbutt          |    11 |     3 ||    14
 Cast: Beastly Appendage |    21 |    11 ||    32
       Spider Form       |       |     1 ||     1
  Use: Scroll            |     3 |     3 ||     6
       Potion            |       |     1 ||     1
 Stab: Sleeping          |     1 |     1 ||     2
Armor: Skin              |    65 |    20 ||    85
Dodge: Dodged            |    84 |    61 ||   145

Table legend: (Time is in decaauts)
 A = Elapsed time spent in this place.
 B = Non-inter-level travel time spent in this place.
 C = Inter-level travel time spent in this place.
 D = Time resting spent in this place.
 E = Time spent auto-exploring this place.
 F = Levels seen in this place.
 G = Mean time per level.
                   A        B        C        D        E       F      G
               +--------+--------+--------+--------+--------+-----+--------+
         Total |   3054 |   3008 |     46 |     23 |   2473 |   3 | 1018.0 |
       Dungeon |   3054 |   3008 |     46 |     23 |   2473 |   3 | 1018.0 |
               +--------+--------+--------+--------+--------+-----+--------+

Top non-repeatable levels by time:
     D:1: 1659 daAuts
     D:2: 934 daAuts
     D:3: 461 daAuts
